 Dungeon Crawl Stone Soup version 0.27-a0-1245-g940ed4fa31 (webtiles) character file.

Game seed: 4588036229644315544

2 Mesmaeker13 the Caller (level 1, -3/13 HPs)
             Began as a Mummy Summoner on June 9, 2021.
             Slain by a quokka (4 damage)
             ... on level 1 of the Dungeon.
             The game lasted 00:00:18 (488 turns).

Mesmaeker13 the Caller (Mummy Summoner)              Turns: 488, Time: 00:00:19

Health: -3/13      AC:  2    Str: 11    XL:     1   Next: 33%
Magic:  2/4        EV: 12    Int: 14    God:
Gold:   22         SH:  0    Dex: 12    Spells: 4/5 levels left

rFire    x . .     SeeInvis .   (no weapon)
rCold    + . .     Faith    .   (no shield)
rNeg     + + +     Spirit   .   a - +0 robe
rPois    ∞         Reflect  .   (no helmet)
rElec    .         Harm     .   (no cloak)
rCorr    .         Rampage  .   (no gloves)
Will     .....                  (no boots)
Stlth    ++........             (no amulet)
HPRegen  0.04/turn              (no ring)
MPRegen  0.09/turn              (no ring)

@: no status effects
A: cold resistance 1, negative energy resistance 3, torment resistance 2, heat
vulnerability 1, no potions
a: no special abilities


You were on level 1 of the Dungeon.
You visited 1 branch of the dungeon, and saw 1 of its levels.

You collected 22 gold pieces.

Inventory:

Armour
 a - a +0 robe (worn)


   Skills:
 + Level 1.6 Dodging
 - Level 1.5 Stealth
 + Level 2.8 Spellcasting
 + Level 3.3 Summonings


You had 4 spell levels left.
You knew the following spells:

 Your Spells              Type           Power      Damage    Failure   Level
a - Summon Small Mammal   Summ           44%        N/A       5%          1

Your spell library contained the following spells:

 Spells                   Type           Power      Damage    Failure   Level
 Call Imp                 Summ           11%        N/A       9%          2
 Call Canine Familiar     Summ           11%        N/A       17%         3
 Summon Guardian Golem    Hex/Summ       6%         N/A       32%         3
 Summon Ice Beast         Ice/Summ       6%         N/A       73%         4
 Summon Lightning Spire   Summ/Air       6%         N/A       73%         4


Dungeon Overview and Level Annotations

Branches:
Dungeon (1/15)

Altars:


Innate Abilities, Weirdness & Mutations

You are immune to poison.
Your flesh is cold resistant. (rC+)
You are immune to negative energy. (rN+++)
You are immune to unholy pain and torment.
You are vulnerable to heat. (rF-)
You do not drink.


Message History

Your bat hits the dart slug. x2; Your rat bites the dart slug.
Your bat hits the dart slug.
The dart slug dies!
You swap places.
You start resting.
Your bat disappears in a puff of smoke!
Your rat disappears in a puff of smoke!
Your bat disappears in a puff of smoke!
Magic restored.
You start resting.
HP restored.
Casting: Summon Small Mammal (safe; 5% risk of failure)
Confirm with . or Enter, or press ? or * to list all spells.
Casting: Summon Small Mammal (safe; 5% risk of failure)
Confirm with . or Enter, or press ? or * to list all spells.
The quokka closely misses your rat.
Your rat misses the quokka.
Your rat closely misses the quokka.
Casting: Summon Small Mammal (safe; 5% risk of failure)
Confirm with . or Enter, or press ? or * to list all spells.
Your bat hits the quokka but does no damage.
The quokka bites you.
Your rat closely misses the quokka.
You barely miss the quokka.
Your rat bites the quokka.
The quokka bites you.
Your bat barely misses the quokka.
Your rat bites the quokka but does no damage.
Your bat closely misses the quokka.
The quokka bites you.
You barely miss the quokka.
The quokka is moderately wounded.
Your bat misses the quokka.
Your rat closely misses the quokka.
The quokka closely misses you.
Your rat barely misses the quokka.
You barely miss the quokka.
The quokka is moderately wounded.
Your bat hits the quokka but does no damage.
Your rat bites the quokka.
The quokka bites you.
* * * LOW HITPOINT WARNING * * *
Your rat closely misses the quokka.
You hit the quokka but do no damage.
The quokka is severely wounded.
Your bat closely misses the quokka.
Your rat closely misses the quokka.
The quokka bites you.
You die...

..# #. #......# ..####
#.##....[.#
.....###.##..?...#
.................# ####
......# #.##.....# ...#
......# #........##...#
......# #........b....#
##....###.###†####b...###
##..............@rr.....>
..............$###r...##.
.....####......# ....#
...... #(.....# ....#
....... #......# ......
........#......# .......
..##....#####.## .......
.. #....# #.# ....... #


You could see a quokka (ally target), a friendly bat (summoned) and 2 friendly
rats.

Vanquished Creatures
  An endoplasm (D:1)
1 creature vanquished.

Vanquished Creatures (collateral kills)
  A dart slug (D:1)
  A goblin (D:1)
2 creatures vanquished.

Grand Total: 3 creatures vanquished

Notes
Turn   | Place    | Note
-------+----------+-------------------------------------------
     0 | D:1      | Mesmaeker13 the Mummy Summoner began the quest for the Orb.
     0 | D:1      | Reached XP level 1. HP: 13/13 MP: 4/4
   488 | D:1      | Slain by a quokka

Illustrated notes

Levels and vault maps discovered:
D:1:      dpeg_arrival_stonehenge_8_columns, layout_basic

Action                   || total
-------------------------++-------
Melee: Unarmed           ||    10
 Cast: Summon Small Mamm ||    14
Armor: Robe              ||     1
Dodge: Dodged            ||     4

Table legend: (Time is in decaauts)
 A = Elapsed time spent in this place.
 B = Non-inter-level travel time spent in this place.
 C = Inter-level travel time spent in this place.
 D = Time resting spent in this place.
 E = Time spent auto-exploring this place.
 F = Levels seen in this place.
 G = Mean time per level.
                   A        B        C        D        E       F      G
               +--------+--------+--------+--------+--------+-----+--------+
         Total |    488 |    488 |      0 |    320 |    105 |   1 |  488.0 |
       Dungeon |    488 |    488 |      0 |    320 |    105 |   1 |  488.0 |
               +--------+--------+--------+--------+--------+-----+--------+

Top non-repeatable levels by time:
     D:1: 488 daAuts
